Map: New Repugnancy LE

Players

MaSa

  • Race: Terran Terran
  • Spawn Location: 7:00

souL - Winner!

  • Race: Terran Terran
  • Spawn Location: 1:00

Event: 2019 WCS Summer

VOD

Have the link to the VOD?

Description

Time

  • Played on: July 12, 2019, 1:56 p.m.
  • Length: 16:49

All games in this series

Show
View Real Time Build Order
Export as new Build Order

MaSa Terran 

Build Orders: Liberator Opening 

Get SALT Encoding   

  12  0:00  SCV  
  13  0:12  SCV  
  14  0:17  Supply Depot  
  14  0:24  SCV  
  15  0:29  Refinery  
  15  0:39  SCV  
  16  0:44  Barracks  
  16  0:51  SCV  
  16  0:55  Refinery  
  17  1:03  SCV  
  18  1:15  SCV  
  19  1:31  Orbital Command  
  19  1:32  Factory  
  19  1:34  Barracks Reactor  
  19  1:42  Supply Depot  
  19  1:57  SCV  
  20  2:09  SCV  
  20  2:10  Reaper x2  
  23  2:16  Hellion  
  23  2:21  SCV  
  26  2:29  Command Center  
  26  2:33  SCV  
  27  2:39  Supply Depot  
  27  2:41  Hellion  
  29  2:44  Marine  
  29  2:46  Marine  
  31  2:57  Starport  
  31  3:01  SCV  
  31  3:03  Factory Tech Lab  
  31  3:04  Marine  
  31  3:05  Marine  
  34  3:11  Supply Depot  
  34  3:13  SCV  
  34  3:18  Liberator  
  35  3:21  Marine  
  35  3:22  Marine  
  35  3:26  Widow Mine  
  39  3:33  SCV  
  43  3:42  Orbital Command  
  43  3:45  SCV  
  43  3:47  Marine  
  45  3:49  Marine  
  46  3:56  Siege Tank  
  46  3:59  SCV  
  46  4:01  Refinery  
  50  4:05  Marine  
  50  4:07  Marine  
  50  4:08  SCV  
  53  4:17  Supply Depot  
  53  4:21  SCV  
  54  4:28  Siege Tank  
  54  4:29  Marine x2  
  54  4:30  Medivac  
  61  4:35  SCV  
  62  4:39  SCV  
  62  4:41  Supply Depot  
  63  4:47  Marine x2  
  63  4:51  SCV  
  66  4:57  SCV  
  67  5:01  Siege Tank  
  67  5:04  SCV, Supply Depot  
  71  5:11  Viking x2  
  71  5:13  Supply Depot  
  75  5:17  Barracks Tech Lab  
  75  5:18  SCV  
  75  5:19  SCV  
  77  5:30  SCV  
  77  5:31  SCV  
  77  5:34  Siege Tank  
  81  5:39  Refinery  
  81  5:41  Viking  
  83  5:43  SCV  
  84  5:56  Viking  
  82  5:57  SCV  
  82  5:59  SCV  
  81  6:06  Siege Tank  
  81  6:09  SCV  
  85  6:14  Viking  
  85  6:17  SCV  
  88  6:23  Command Center  
  87  6:29  Viking, SCV  
  86  6:32  SCV  
  86  6:38  Siege Tank  
  85  6:43  SCV  
  85  6:44  Viking  
  73  6:54  Marine  
  73  6:55  Stimpack  
  73  6:59  Viking  
  73  7:00  SCV  
  73  7:01  Barracks  
  74  7:03  Barracks, SCV  
  75  7:12  SCV  
  75  7:14  Viking  
  78  7:16  SCV  
  78  7:18  Supply Depot  
  79  7:24  SCV  
  79  7:27  Siege Tank  
  79  7:28  SCV  
  79  7:29  Viking  
  83  7:39  Marine  
  83  7:40  SCV  
  83  7:48  SCV  
  83  7:49  Barracks  
  83  7:50  Barracks, Engineering Bay  
  84  7:52  SCV  
  84  7:53  Engineering Bay  
  84  7:54  Barracks Reactor x2  
  85  7:59  Orbital Command  
  85  8:00  SCV  
  85  8:04  SCV  
  87  8:06  Siege Tank  
  87  8:12  SCV  
  91  8:15  Viking  
  91  8:17  SCV  
  91  8:19  Viking  
  96  8:21  Marine  
  97  8:29  SCV x2  
  97  8:30  SCV  
  97  8:31  Sensor Tower  
  100  8:36  Terran Infantry Weapons Level 1, Terran Infantry Armor Level 1  
  100  8:37  Marine  
  100  8:39  Barracks Reactor  
  100  8:41  SCV  
  102  8:42  Marine x2  
  102  8:43  Barracks Reactor  
  102  8:46  SCV  
  105  8:49  Viking  
  105  8:51  Marine x2  
  105  8:53  SCV  
  110  8:55  Combat Shield  
  110  8:56  Supply Depot  
  110  8:59  Supply Depot  
  110  9:01  Supply Depot  
  110  9:02  Marine x3  
  113  9:06  Siege Tank  
  116  9:10  Marine  
  117  9:17  Marine, SCV x3  
  117  9:19  Armory  
  117  9:20  Marine x2  
  117  9:21  Supply Depot  
  123  9:26  Marine  
  123  9:27  Marine x4  
  123  9:28  Marine  
  123  9:29  SCV  
  130  9:33  Refinery x2  
  130  9:39  Supply Depot  
  130  9:41  Marine x3  
  130  9:44  Supply Depot  
  133  9:47  Sensor Tower  
  133  9:50  Medivac  
  133  9:51  Marine  
  133  9:52  Marine  
  137  9:53  Factory  
  137  9:54  Marine x2  
  137  9:56  Marine  
  137  9:57  Marine  
  137  9:59  Supply Depot  
  141  10:02  Siege Tank  
  141  10:03  Medivac  
  141  10:05  Marine  
  141  10:06  Marine  
  147  10:08  Marine  
  147  10:09  Marine  
  147  10:18  Marine x2  
  147  10:19  Marine x2  
  151  10:27  Marine  
  151  10:28  Marine x3  
  156  10:29  Viking  
  156  10:35  Siege Tank, Terran Infantry Weapons Level 2  
  161  10:36  Marine x2  
  161  10:37  Terran Infantry Armor Level 2  
  161  10:50  Marine x3  
  161  10:52  Supply Depot x2  
  161  10:53  Barracks Reactor, Supply Depot  
  164  10:58  Marine  
  165  11:10  Supply Depot  
  165  11:12  Supply Depot  
  165  11:13  Marine  
  165  11:14  Siege Tank x2, Marine, Medivac x2  
  177  11:22  Marine x6  
  183  11:27  Supply Depot  
  183  11:31  Marine  
  183  11:32  Marine  
  185  11:37  Marine x2  
  180  11:40  Marine x6  
  180  11:46  Siege Tank  
  188  11:49  Marine x2  
  190  11:55  Marine x2  
  190  11:58  Marine x6  
  190  12:00  Terran Vehicle Weapons Level 1  
  198  12:05  Command Center  
  198  12:07  Marine x2  
  198  12:20  Marine  
  198  12:21  Marine  
  198  12:22  Marine x2, Medivac x2  
  198  12:27  Siege Tank, Marine x2  
  194  12:35  Siege Tank, Marine x4  
  173  12:38  Marine  
  173  12:39  SCV  
  173  12:43  Marine x2  
  173  12:44  Marine  
  165  12:52  Medivac x2  
  165  12:56  Marine x5  
  165  12:57  Marine  
  170  13:09  Marine x2  
  172  13:16  Marine x3  
  172  13:21  Marine  
  172  13:22  Siege Tank, Viking, Marine x4, Medivac  
  187  13:27  Siege Tank, Marine x2  
  187  13:34  Marine x3  
  187  13:39  Marine  
  187  13:40  Marine x4  
  184  13:45  Marine x2  
  169  13:52  Marine x3, Medivac x2  
  169  13:54  Siege Tank  
  179  13:57  Marine  
  179  13:59  Marine x2  
  179  14:00  Siege Tank  
  174  14:02  Marine  
  174  14:03  Marine x2  
  160  14:10  Marine x3  
  160  14:11  Marine  
  164  14:22  Marine x2  
  164  14:23  Marine x3  
  159  14:27  Siege Tank  
  159  14:28  Marine x3  
  130  14:32  Marine x2  
  130  14:35  Medivac  
  130  14:38  Medivac  
  134  14:42  Marine  
  134  14:43  Marine  
  133  14:50  Marine x2  
  126  14:57  Planetary Fortress  
  121  15:01  Marine x4  
  121  15:02  Siege Tank x2  
  128  15:13  Marine  
  129  15:14  Marine x5  
  129  15:19  Marine x3  
  137  15:23  Viking x2  
  135  15:32  Marine  
  135  15:33  Marine x6  
  135  15:34  Siege Tank  
  145  15:37  Marine x2  
  145  15:41  Marine  
  145  15:42  Siege Tank  
  140  15:50  Marine x5  
  140  15:51  Marine x2  
  140  15:54  Marine x2, Medivac  
  146  15:59  Marine  
  141  16:08  Marine x7  
  146  16:12  Marine  
  146  16:14  Marine  
  146  16:17  Marine  
  136  16:26  Marine  
  136  16:27  Marine  
Show
View Real Time Build Order
Export as new Build Order

souL Terran - Winner!

Build Orders:  

Get SALT Encoding   

  12  0:00  SCV  
  13  0:13  SCV  
  14  0:17  Supply Depot  
  14  0:25  SCV  
  14  0:27  Refinery  
  15  0:39  SCV  
  16  0:45  Barracks  
  16  0:51  SCV  
  17  0:57  Refinery  
  17  1:03  SCV  
  18  1:15  SCV  
  19  1:32  Orbital Command  
  19  1:33  Factory  
  19  1:36  Reaper  
  20  1:48  Supply Depot  
  20  1:58  SCV  
  21  2:08  Reaper  
  22  2:10  SCV  
  23  2:18  Hellion  
  25  2:26  SCV  
  26  2:30  Command Center  
  26  2:38  SCV  
  26  2:41  Supply Depot, Hellion  
  29  2:44  Barracks Tech Lab  
  29  2:50  SCV  
  30  3:00  Starport  
  30  3:02  SCV  
  31  3:09  Cyclone  
  34  3:14  SCV  
  34  3:16  Barracks Reactor  
  35  3:22  Refinery  
  35  3:26  SCV  
  36  3:38  SCV  
  37  3:43  Orbital Command  
  37  3:46  Raven  
  39  3:50  SCV  
  39  3:53  Factory Tech Lab, Marine x2  
  42  4:02  SCV  
  42  4:07  Supply Depot  
  43  4:10  SCV  
  43  4:11  Siege Tank, Marine x2  
  43  4:15  SCV  
  50  4:22  Supply Depot  
  50  4:23  SCV  
  51  4:27  SCV  
  51  4:29  Marine  
  51  4:30  Raven  
  54  4:34  Marine  
  54  4:35  SCV  
  56  4:39  SCV  
  56  4:40  Supply Depot  
  56  4:44  Siege Tank  
  60  4:47  SCV  
  60  4:51  SCV  
  62  4:55  Command Center  
  62  4:59  SCV  
  63  5:03  SCV  
  63  5:05  Supply Depot  
  64  5:08  Refinery  
  64  5:11  SCV  
  65  5:15  SCV  
  66  5:23  Viking x2  
  66  5:27  Marine  
  70  5:31  Siege Tank  
  70  5:32  SCV  
  71  5:44  SCV  
  72  5:53  Viking x2  
  76  5:58  SCV  
  76  5:59  SCV  
  76  6:03  Siege Tank  
  81  6:09  Orbital Command  
  81  6:10  Barracks  
  81  6:11  Barracks, Refinery  
  81  6:13  SCV  
  79  6:20  Engineering Bay  
  79  6:21  Supply Depot  
  79  6:23  Viking x2, Engineering Bay  
  83  6:25  SCV  
  79  6:37  Marine  
  79  6:39  SCV  
  81  6:45  SCV  
  80  6:52  Siege Tank, Refinery  
  80  6:53  Viking x2  
  80  6:55  Marine  
  80  6:59  Orbital Command  
  80  7:02  Stimpack  
  80  7:03  Barracks, SCV x2  
  80  7:05  Barracks  
  80  7:07  Barracks Tech Lab  
  82  7:08  Barracks Reactor  
  82  7:15  SCV x2  
  81  7:23  Viking  
  81  7:25  SCV  
  81  7:27  Marine, SCV x2  
  87  7:37  SCV  
  87  7:38  Siege Tank  
  87  7:39  SCV x2  
  87  7:42  Marine  
  94  7:45  Marine  
  94  7:47  Combat Shield  
  94  7:49  SCV  
  96  7:51  SCV x2  
  96  7:53  Refinery x3  
  96  7:56  Supply Depot  
  96  7:57  Supply Depot  
  98  7:59  Barracks Reactor  
  98  8:00  Barracks Reactor  
  98  8:01  SCV  
  98  8:03  SCV x2  
  101  8:13  SCV  
  101  8:15  SCV x2  
  101  8:17  Marine x4, Sensor Tower  
  108  8:23  Terran Infantry Weapons Level 1  
  108  8:26  SCV  
  109  8:27  SCV  
  109  8:28  Terran Infantry Armor Level 1  
  109  8:29  Supply Depot  
  109  8:31  Supply Depot  
  110  8:35  Marine x4  
  110  8:38  SCV  
  110  8:39  SCV, Sensor Tower  
  110  8:40  Marine, SCV  
  118  8:45  Marine x3  
  118  8:46  Missile Turret  
  121  8:50  Medivac  
  121  8:52  Marine, Medivac  
  121  8:55  Marine x2  
  129  8:58  Marine  
  130  9:02  Marine  
  130  9:09  Marine x2, Supply Depot  
  132  9:10  Marine, Supply Depot, Factory  
  132  9:12  Armory, Barracks Reactor  
  132  9:13  Marine x2  
  132  9:15  Siege Tank  
  137  9:24  Marine  
  137  9:25  Marine  
  137  9:31  Marine x5  
  144  9:35  Supply Depot  
  144  9:38  Supply Depot  
  146  9:39  Medivac x2  
  146  9:42  Marine x2  
  146  9:43  Command Center, SCV  
  146  9:44  SCV  
  150  9:49  Marine x3  
  150  9:50  SCV  
  154  9:55  Marine x3  
  154  9:56  Marine  
  158  10:00  Marine, SCV, Supply Depot, Sensor Tower  
  158  10:01  SCV  
  158  10:02  SCV  
  158  10:05  Supply Depot  
  158  10:06  Siege Tank  
  165  10:21  Siege Tank  
  165  10:22  Marine x2  
  165  10:23  Marine x3  
  169  10:28  Viking x2  
  169  10:33  Terran Infantry Weapons Level 2  
  172  10:37  Terran Infantry Armor Level 2  
  172  10:38  Siege Tank  
  175  10:45  SCV x2  
  175  10:46  Supply Depot  
  177  10:50  Terran Vehicle Weapons Level 1  
  177  10:53  Siege Tank  
  180  10:58  Viking x2, Planetary Fortress  
  184  11:04  Missile Turret  
  184  11:17  Siege Tank  
  185  11:28  Viking x2, Missile Turret  
  185  11:29  Refinery x2  
  189  11:39  Marine x3, Command Center  
  182  11:40  Siege Tank, Marine x3  
  182  11:45  Marine x2  
  182  11:46  Marine  
  189  11:52  Starport  
  183  11:55  Starport  
  183  11:58  Viking x2  
  187  12:01  Armory  
  184  12:19  Marine  
  182  12:25  Marine x8  
  182  12:28  Viking x2  
  175  12:33  Viking  
  168  12:37  Marine  
  168  12:40  Viking  
  168  12:42  Marine, Command Center  
  168  12:43  Marine x4  
  174  12:44  Marine  
  174  12:48  Siege Tank, Marine  
  166  12:52  Marine  
  166  12:55  Marine  
  166  12:57  Liberator x3  
  169  13:00  Marine x3  
  169  13:05  Siege Tank  
  177  13:07  Terran Infantry Weapons Level 3  
  177  13:08  SCV  
  177  13:10  SCV  
  181  13:19  Viking  
  181  13:22  Marine  
  181  13:27  Command Center  
  181  13:30  Marine  
  181  13:32  Siege Tank  
  181  13:33  Marine  
  181  13:39  Marine  
  175  13:41  Marine x4  
  175  13:43  Marine  
  174  13:48  Marine x2  
  174  13:49  Viking  
  174  13:51  Marine  
  178  13:57  Marine  
  178  13:59  Marine x4  
  178  14:01  Marine  
  161  14:05  Medivac  
  161  14:06  Marine, Medivac  
  154  14:11  SCV x2  
  154  14:12  Orbital Command  
  154  14:13  Marine  
  157  14:17  Marine  
  157  14:22  Marine  
  157  14:23  SCV x2  
  159  14:25  Marine  
  159  14:27  Marine  
  159  14:29  Marine  
  144  14:33  Marine  
  144  14:35  Marine, SCV x2  
  144  14:38  Marine  
  141  14:39  Marine  
  141  14:45  Medivac  
  141  14:47  SCV  
  141  14:48  Medivac  
  141  14:50  Marine  
  145  14:54  Marine  
  145  15:00  Marine x4  
  145  15:01  Marine  
  145  15:06  Marine  
  149  15:12  Liberator x2, SCV x3  
  152  15:15  Marine x2  
  152  15:19  Marine  
  154  15:24  Marine, SCV  
  150  15:29  Marine  
  153  15:40  Siege Tank, Marine  
  153  15:42  Marine x4  
  154  15:45  Marine  
  154  15:47  Marine  
  154  15:49  Marine  
  157  15:50  Marine  
  157  15:56  Planetary Fortress  
  158  15:58  Marine  
  158  15:59  Marine  
  158  16:00  Marine x3  
  159  16:05  Marine  
  159  16:06  Marine  
  161  16:12  Marine  
  161  16:14  Marine  
  161  16:16  Marine  
  161  16:17  Marine x4  
  164  16:22  SCV x3  
  164  16:23  Marine x2  
  163  16:29  Marine  
  151  16:34  SCV x3  
Tags
 
Add a new tag
Caveats
  • Supply blocks, unpowered buildings, or Contaminate may cause inaccurate times.
  • Supply counts are checked every 10 seconds.